Map: Beckett Industries LE

Players

MarineLorD - Winner!

  • Race: Terran Terran
  • League: Master

Clem

  • Race: Terran Terran

Event: DreamHack SC2 Masters 2021 Fall

VOD

Have the link to the VOD?

Description

Time

  • Played on: Aug. 10, 2021, 3:36 p.m.
  • Length: 17:05

All games in this series

Show
View Real Time Build Order
Export as new Build Order

MarineLorD Terran - Winner!

Build Orders: Cyclone Opening 

Get SALT Encoding   

  12  0:00  SCV  
  13  0:12  SCV  
  14  0:17  Supply Depot  
  14  0:24  SCV  
  15  0:38  SCV  
  15  0:41  Barracks  
  16  0:44  Refinery  
  16  0:50  SCV  
  17  0:57  Refinery  
  17  1:02  SCV  
  18  1:14  SCV  
  19  1:27  Orbital Command  
  19  1:28  Reaper  
  20  1:34  Supply Depot  
  20  1:48  Factory  
  20  1:53  SCV  
  21  2:02  Reaper  
  21  2:05  SCV  
  23  2:16  Command Center  
  23  2:24  SCV  
  24  2:32  Hellion  
  24  2:35  Barracks Tech Lab  
  24  2:36  SCV  
  27  2:40  Supply Depot  
  27  2:48  SCV  
  28  2:59  Cyclone  
  28  3:02  SCV  
  28  3:05  Starport  
  32  3:06  Barracks Tech Lab  
  32  3:14  SCV  
  33  3:20  Refinery  
  33  3:26  SCV  
  34  3:32  Siege Tank  
  36  3:38  SCV  
  36  3:44  Orbital Command  
  36  3:45  Refinery  
  36  3:50  SCV  
  37  4:00  Raven  
  37  4:02  SCV  
  40  4:09  SCV  
  41  4:14  Cyclone  
  44  4:17  SCV  
  44  4:19  Supply Depot  
  44  4:20  Supply Depot  
  44  4:21  SCV  
  46  4:29  SCV  
  47  4:33  SCV  
  47  4:35  Barracks Reactor  
  48  4:41  SCV  
  48  4:42  Supply Depot  
  48  4:43  Raven  
  52  4:45  SCV  
  52  4:48  Siege Tank  
  55  4:53  SCV  
  55  4:57  SCV  
  57  5:02  Factory  
  57  5:06  SCV  
  58  5:09  Supply Depot, SCV  
  59  5:18  SCV  
  60  5:22  SCV  
  60  5:23  Siege Tank  
  64  5:30  SCV  
  64  5:34  SCV  
  66  5:38  Viking x2  
  66  5:42  SCV  
  71  5:46  SCV  
  71  5:47  Supply Depot  
  72  5:53  Siege Tank  
  72  5:54  SCV  
  72  5:55  Siege Tank  
  79  5:58  SCV  
  80  6:05  Supply Depot, Command Center  
  80  6:08  SCV, Viking x2  
  85  6:12  SCV  
  86  6:20  SCV  
  86  6:24  SCV  
  87  6:32  SCV  
  82  6:33  Siege Tank  
  82  6:38  Viking x2, Siege Tank  
  92  6:47  SCV x2  
  92  6:50  Supply Depot x2, Engineering Bay  
  94  6:59  SCV x2  
  96  7:11  SCV, Siege Tank x2  
  96  7:12  SCV  
  96  7:23  Viking x2  
  96  7:24  SCV x2  
  94  7:40  Refinery, SCV  
  94  7:41  Refinery  
  94  7:43  Siege Tank x2  
  99  7:45  SCV  
  100  7:52  SCV  
  100  7:53  Viking x2  
  100  7:57  SCV  
  106  8:00  Orbital Command  
  106  8:04  SCV  
  107  8:09  SCV  
  108  8:15  Siege Tank x2  
  108  8:19  Missile Turret  
  114  8:20  Sensor Tower  
  114  8:22  SCV  
  114  8:23  SCV, Missile Turret  
  114  8:25  Viking, Missile Turret  
  114  8:26  Viking, Missile Turret  
  120  8:28  SCV  
  121  8:35  SCV x2  
  121  8:40  SCV  
  124  8:47  Siege Tank  
  127  8:49  Command Center  
  125  8:55  Viking  
  125  8:56  Viking  
  125  9:04  SCV x2  
  125  9:05  Siege Tank  
  128  9:10  SCV  
  128  9:11  Factory  
  128  9:12  Factory  
  128  9:13  Factory  
  124  9:25  Viking  
  124  9:26  Viking  
  124  9:29  Siege Tank  
  129  9:41  SCV  
  129  9:42  SCV  
  131  9:49  SCV  
  132  9:54  SCV  
  132  9:57  Factory Reactor x2, Factory Tech Lab  
  133  10:00  Liberator x2  
  133  10:06  Supply Depot  
  139  10:08  Supply Depot x2  
  139  10:09  Supply Depot  
  139  10:10  Sensor Tower, Siege Tank  
  142  10:17  Command Center  
  142  10:22  SCV x2  
  142  10:24  Siege Tank  
  149  10:28  Hellion  
  151  10:43  Viking x2, Hellion  
  151  10:45  Command Center  
  157  10:50  Hellion  
  157  10:55  Hellion x4  
  157  10:56  Siege Tank  
  165  11:04  Siege Tank  
  165  11:11  Hellion  
  129  11:13  Viking  
  129  11:16  Hellion x4  
  139  11:23  Armory x2  
  139  11:28  Siege Tank  
  139  11:32  Siege Tank  
  145  11:33  Viking  
  147  11:43  Viking  
  147  11:52  Hellion, Siege Tank  
  147  11:53  Hellion x3  
  153  12:01  Siege Tank  
  156  12:03  Viking  
  156  12:04  Hellion  
  152  12:12  Terran Vehicle Weapons Level 1, Barracks, Terran Vehicle And Ship Armor Level 1  
  152  12:13  Viking, Orbital Command  
  152  12:14  Hellion  
  154  12:22  Infernal Pre-Igniter  
  154  12:26  Planetary Fortress  
  154  12:27  Refinery  
  154  12:28  Refinery  
  154  12:33  Siege Tank x2  
  154  12:38  Missile Turret  
  154  12:43  Sensor Tower  
  154  12:49  Viking x2  
  158  12:52  Missile Turret x2  
  158  12:53  Missile Turret  
  152  13:01  Missile Turret  
  152  13:04  Hellion x5  
  162  13:05  Siege Tank  
  165  13:17  Hellion x3  
  163  13:22  Planetary Fortress, Command Center  
  163  13:33  Viking x2  
  167  13:35  Siege Tank x2  
  167  13:36  Hellion x3  
  167  13:37  Orbital Command, Siege Tank  
  178  14:03  Liberator x2  
  178  14:08  Siege Tank x2  
  178  14:09  Hellion x4  
  198  14:11  Refinery  
  198  14:16  Refinery  
  197  14:35  Siege Tank  
  197  14:41  Hellion x2, Siege Tank  
  197  14:44  Terran Vehicle Weapons Level 2, Terran Vehicle And Ship Armor Level 2  
  197  14:45  SCV x2  
  197  14:46  SCV x3  
  193  14:57  SCV x2, Hellion, Siege Tank  
  193  14:58  SCV x2, Hellion  
  177  15:03  Hellion x2  
  179  15:07  Siege Tank  
  179  15:10  SCV x3  
  179  15:13  Siege Tank  
  185  15:16  Viking  
  185  15:17  Viking  
  185  15:19  Hellion x2  
  193  15:21  Orbital Command  
  185  15:35  Siege Tank  
  185  15:36  Hellion  
  185  15:39  Siege Tank  
  191  15:43  Planetary Fortress  
  191  15:47  Siege Tank  
  191  15:48  Hellion x3  
  200  16:02  Refinery  
  200  16:03  Refinery  
  196  16:24  Siege Tank  
  197  16:32  Siege Tank x2  
  177  16:54  Refinery  
Show
View Real Time Build Order
Export as new Build Order

Clem Terran 

Build Orders:  

Get SALT Encoding   

  12  0:00  SCV  
  13  0:12  SCV  
  14  0:16  Supply Depot  
  14  0:25  SCV  
  15  0:38  SCV  
  15  0:40  Barracks  
  16  0:45  Refinery  
  16  0:50  SCV  
  16  0:53  Refinery  
  17  1:02  SCV  
  18  1:14  SCV  
  19  1:27  Reaper, Orbital Command  
  19  1:28  Supply Depot  
  20  1:41  Factory  
  20  1:52  SCV  
  21  1:59  Reaper  
  22  2:04  SCV  
  23  2:16  Command Center  
  23  2:19  SCV  
  24  2:26  Hellion  
  26  2:31  Reaper  
  26  2:33  Supply Depot  
  26  2:36  SCV  
  28  2:45  Starport  
  28  2:49  Hellion  
  30  2:51  SCV  
  31  3:03  SCV  
  32  3:08  Marine  
  32  3:11  Factory Tech Lab  
  33  3:15  SCV  
  33  3:16  Refinery  
  34  3:23  Starport Tech Lab  
  34  3:28  SCV  
  34  3:29  Cyclone  
  38  3:41  Barracks Reactor, Orbital Command  
  36  3:42  SCV  
  37  3:51  Raven  
  37  3:54  SCV  
  37  3:55  Supply Depot  
  40  4:06  SCV x2  
  40  4:07  Siege Tank  
  45  4:18  SCV  
  45  4:19  SCV  
  45  4:21  Command Center  
  47  4:28  Marine x2  
  47  4:30  SCV  
  47  4:31  SCV  
  51  4:34  Raven  
  51  4:38  Supply Depot  
  53  4:42  SCV  
  53  4:43  SCV  
  55  4:46  Marine x2  
  55  4:48  Siege Tank  
  60  4:54  SCV  
  60  4:55  Refinery, SCV  
  62  5:02  Supply Depot  
  62  5:06  SCV  
  63  5:07  SCV  
  63  5:13  Supply Depot  
  64  5:19  SCV  
  64  5:20  SCV, Siege Tank  
  69  5:23  Supply Depot  
  69  5:25  Marine  
  70  5:29  Viking  
  70  5:30  Viking  
  70  5:32  SCV  
  70  5:34  SCV  
  76  5:42  Marine  
  76  5:44  Stimpack  
  76  5:46  SCV  
  76  5:48  SCV  
  79  5:51  Orbital Command  
  79  5:52  Siege Tank  
  82  5:58  SCV  
  82  5:59  Supply Depot  
  82  6:02  Viking  
  85  6:05  Viking  
  85  6:06  SCV  
  85  6:08  Marine  
  89  6:13  SCV  
  89  6:18  SCV x2  
  90  6:24  Siege Tank  
  93  6:26  Marine  
  93  6:30  SCV  
  93  6:31  SCV  
  90  6:34  Viking  
  90  6:36  SCV  
  90  6:38  Viking  
  95  6:42  SCV  
  95  6:43  Marine  
  95  6:46  SCV, Barracks  
  98  6:47  Barracks  
  98  6:48  SCV  
  99  6:55  Engineering Bay  
  99  6:56  Siege Tank  
  102  7:01  Marine  
  103  7:08  Viking x2  
  103  7:09  SCV  
  103  7:14  Supply Depot  
  105  7:19  Marine, SCV  
  105  7:22  SCV  
  89  7:31  Siege Tank  
  89  7:34  Marine x2  
  89  7:37  Marine, SCV, Barracks  
  89  7:38  Viking  
  89  7:39  Barracks  
  89  7:40  SCV  
  89  7:43  Viking  
  94  7:46  SCV  
  95  7:52  Marine x2  
  95  7:55  Marine  
  97  8:02  SCV  
  97  8:05  Siege Tank  
  98  8:06  SCV  
  98  8:10  Marine x2  
  98  8:12  Marine, Viking  
  103  8:13  Orbital Command  
  103  8:16  Supply Depot, Terran Infantry Weapons Level 1  
  103  8:17  Supply Depot  
  104  8:20  Viking  
  104  8:26  Combat Shield  
  106  8:27  Marine  
  106  8:28  Marine, Barracks Reactor, Barracks Tech Lab  
  106  8:29  SCV  
  106  8:30  Marine, SCV  
  111  8:36  Supply Depot  
  111  8:40  Siege Tank  
  111  8:41  SCV x2  
  112  8:42  SCV  
  112  8:45  Reaper  
  112  8:46  Barracks Tech Lab  
  115  8:49  Marauder  
  115  8:53  SCV x2  
  115  8:54  Marine  
  116  8:55  Medivac  
  116  9:00  Medivac  
  118  9:05  Marine  
  118  9:07  Marine, Marauder  
  116  9:10  Marine  
  116  9:11  Marine  
  116  9:16  SCV  
  117  9:17  Marine, Siege Tank  
  117  9:22  Marine, Supply Depot  
  117  9:23  Refinery x2  
  120  9:25  Marine  
  120  9:28  Marine, Marauder  
  120  9:29  Marine  
  121  9:35  Marine  
  121  9:37  Medivac  
  124  9:40  Marine  
  124  9:44  Supply Depot  
  122  9:46  Marine, Marauder  
  122  9:48  Medivac, Marauder  
  122  9:49  Siege Tank  
  122  9:50  Marauder  
  133  9:53  Marine  
  133  9:58  Marine  
  135  10:04  Marine, Command Center  
  136  10:08  Marine, Marauder  
  136  10:10  Terran Infantry Armor Level 1, Marine  
  131  10:14  Marine, Medivac  
  131  10:16  Marine  
  135  10:22  Marine  
  135  10:26  Siege Tank  
  135  10:27  Marauder  
  139  10:29  Marauder x2  
  139  10:32  Marine  
  139  10:34  Marine  
  139  10:35  Supply Depot  
  142  10:39  Marine  
  142  10:40  SCV x2  
  141  10:48  Marauder  
  139  10:50  Marine x2, Marauder  
  139  10:52  Marine  
  120  11:08  Marauder  
  120  11:10  Marauder  
  108  11:11  Marauder  
  108  11:12  Siege Tank  
  108  11:13  Marine  
  108  11:16  SCV  
  108  11:18  SCV  
  116  11:20  Orbital Command  
  116  11:27  Marine  
  116  11:28  Medivac  
  116  11:30  Medivac, Marauder  
  116  11:31  Marauder  
  116  11:32  SCV  
  126  11:33  Marauder  
  125  11:51  Marauder  
  125  11:52  Marauder  
  123  11:55  SCV, Orbital Command  
  123  11:56  Marine x2, Marauder  
  123  11:57  Marine  
  123  12:00  Siege Tank  
  120  12:11  Medivac  
  120  12:13  Marauder  
  120  12:14  Marine, Marauder  
  120  12:15  SCV  
  128  12:16  SCV  
  128  12:18  SCV  
  130  12:25  Medivac  
  130  12:27  Marine x2, SCV  
  130  12:28  Marine  
  136  12:31  Marine, SCV  
  136  12:32  Siege Tank  
  136  12:34  Marauder  
  143  12:38  SCV  
  143  12:39  SCV  
  143  12:40  Concussive Shells  
  143  12:41  Marauder  
  143  12:42  SCV  
  144  12:47  Medivac, Marauder  
  144  12:50  SCV  
  149  12:52  Marine  
  149  12:55  Marauder  
  150  12:58  Marine  
  150  13:01  Medivac  
  150  13:03  Marauder  
  150  13:05  Armory, Engineering Bay  
  151  13:07  SCV  
  151  13:09  SCV  
  151  13:11  SCV  
  151  13:12  SCV  
  152  13:18  Marauder  
  152  13:19  SCV  
  155  13:22  Siege Tank  
  155  13:24  Medivac  
  155  13:26  SCV  
  161  13:27  SCV  
  161  13:32  SCV  
  163  13:35  Medivac  
  163  13:40  Marine x2  
  167  13:42  Barracks Tech Lab  
  167  13:43  Marauder  
  169  13:52  Barracks x2  
  169  13:53  Barracks  
  169  13:54  Medivac  
  170  13:57  SCV  
  170  13:59  SCV  
  173  14:02  Siege Tank  
  173  14:04  Terran Infantry Weapons Level 2  
  173  14:05  Medivac  
  173  14:08  Terran Infantry Armor Level 2  
  175  14:13  Marine x2  
  175  14:15  Marauder  
  175  14:16  Marauder  
  182  14:17  Marauder  
  182  14:19  SCV  
  182  14:23  Medivac  
  182  14:24  Marauder  
  185  14:25  Supply Depot  
  185  14:26  Supply Depot  
  185  14:30  Refinery, SCV x2  
  187  14:31  Refinery, SCV  
  181  14:41  Marine x2  
  181  14:43  Marauder  
  181  14:44  Siege Tank  
  181  14:45  Marine x2, Marauder  
  180  14:46  Marine, SCV, Marauder  
  180  14:47  SCV  
  180  14:49  SCV  
  180  14:50  SCV  
  173  14:58  SCV, Marauder  
  173  14:59  Marine x2  
  145  15:01  SCV x2  
  145  15:05  SCV, Marauder  
  144  15:07  Marine  
  144  15:10  SCV  
  144  15:13  SCV x2  
  144  15:14  Marine  
  149  15:17  SCV, Marauder  
  152  15:22  SCV  
  152  15:23  Siege Tank  
  152  15:24  Marauder  
  152  15:26  Marauder  
  152  15:28  Marine x2  
  162  15:31  Marauder  
  139  15:38  Marauder  
  139  15:39  Marine x2  
  139  15:43  Marine  
  139  15:45  Marine, Marauder  
  139  15:47  Marauder  
  145  15:52  Marauder  
  147  15:59  Marine x3, Siege Tank  
  147  16:00  Marauder  
  151  16:07  Marauder  
  151  16:08  Marauder  
  148  16:13  SCV x2, Medivac x2  
  148  16:14  Marauder  
  156  16:21  Orbital Command, Marauder  
  156  16:24  Marine  
  152  16:28  Marauder  
  152  16:30  Marauder  
  150  16:35  Marauder  
  150  16:36  Marine  
  151  16:42  Marauder  
  151  16:44  Marine  

Tags
 
Add a new tag
Caveats
  • Supply blocks, unpowered buildings, or Contaminate may cause inaccurate times.
  • Supply counts are checked every 10 seconds.